[ AOE2 MATCH · #507080437 ]
UnrankedBulgarians vs Burgundians
Player's team · WIN
[ REPLAY ANALYSIS · EXTRACTED FROM THE RECORDED GAME ]
Feudal
9:54
Castle
26:20
Imperial
—
| APM avg | 70.6 |
| APM peak | 162 |
| eAPM avg | 32.7 |
| Villagers / military | 180 / 122 |
Focus
⚔️ 39.3% · 🌾 60.7%
Konnik ×63 · Skirmisher ×17 · Battering Ram ×11 · Spearman ×10 · Archer ×7 · Militia ×6
Feudal
10:13
Castle
24:29
Imperial
45:38
| APM avg | 43.9 |
| APM peak | 81 |
| eAPM avg | 20.9 |
| Villagers / military | 127 / 62 |
Focus
⚔️ 33.3% · 🌾 66.7%
Cavalry Archer ×11 · Archer ×10 · Monk ×9 · Skirmisher ×9 · Knight ×7 · Mangonel ×7
Match map
Initial resources + every placement click. Lines = walls · curves = elevation contours. ◆ gold · ⬟ stone · ● berries · ✦ relic · ◌ wall gap
Your base· ✓ Closed at 26:20 · 68t walls · 2 gate(s)
Psi doc's base· Open — 7t gap
Smoothed initial terrain · ◌ = detected wall gap · hover for details
Inputs per minute
— thankyou9527 - - Psi doc
Build order — thankyou9527
First 150 of 465 actions detected
| 0:00 | Queue | Villager (Male) |
| 0:00 | Queue | Villager (Male) |
| 0:01 | Queue | Villager (Male) |
| 0:01 | Queue | Villager (Male) |
| 0:01 | Queue | Villager (Male) |
| 0:02 | Build | House |
| 0:03 | Build | House |
| 1:37 | Queue | Villager (Male) |
| 1:37 | Queue | Villager (Male) |
| 1:37 | Queue | Villager (Male) |
| 1:38 | Queue | Villager (Male) |
| 2:04 | Queue | Villager (Male) |
| 2:05 | Queue | Villager (Male) |
| 2:10 | Queue | Villager (Male) |
| 2:10 | Queue | Villager (Male) |
| 2:10 | Queue | Villager (Male) |
| 2:10 | Queue | Villager (Male) |
| 2:13 | Build | Lumber Camp |
| 2:42 | Queue | Villager (Male) |
| 2:42 | Queue | Villager (Male) |
| 2:42 | Queue | Villager (Male) |
| 2:42 | Queue | Villager (Male) |
| 2:42 | Queue | Villager (Male) |
| 3:20 | Queue | Villager (Male) |
| 3:20 | Queue | Villager (Male) |
| 3:20 | Queue | Villager (Male) |
| 3:51 | Queue | Villager (Male) |
| 3:51 | Queue | Villager (Male) |
| 3:51 | Queue | Villager (Male) |
| 4:20 | Build | House |
| 5:11 | Queue | Villager (Male) |
| 5:11 | Queue | Villager (Male) |
| 5:11 | Queue | Villager (Male) |
| 5:12 | Queue | Villager (Male) |
| 5:12 | Queue | Villager (Male) |
| 5:12 | Queue | Villager (Male) |
| 5:56 | Build | Barracks |
| 6:19 | Research | Loom |
| 6:33 | Build | House |
| 7:04 | Build | Palisade Wall |
| 7:44 | Research | Feudal Age |
| 7:44 | Research | Feudal Age |
| 7:45 | Research | Feudal Age |
| 7:45 | Queue | Militia |
| 7:45 | Queue | Militia |
| 7:46 | Queue | Militia |
| 8:05 | Build | Mill |
| 9:13 | Queue | Militia |
| 9:13 | Queue | Militia |
| 9:19 | Build | Mill |
| 9:25 | Build | Mining Camp |
| 9:49 | Queue | Villager (Male) |
| 9:49 | Queue | Villager (Male) |
| 9:54 | Age | Feudal Age |
| 10:00 | Queue | Villager (Male) |
| 10:21 | Queue | Villager (Male) |
| 10:21 | Queue | Villager (Male) |
| 10:22 | Queue | Villager (Male) |
| 10:46 | Queue | Villager (Male) |
| 10:46 | Queue | Villager (Male) |
| 10:50 | Build | House |
| 10:55 | Build | House |
| 10:56 | Build | Palisade Wall |
| 11:02 | Research | Double-Bit Axe |
| 11:02 | Research | Double-Bit Axe |
| 11:02 | Research | Double-Bit Axe |
| 11:04 | Queue | Villager (Male) |
| 11:04 | Queue | Villager (Male) |
| 11:13 | Build | Archery Range |
| 11:17 | Queue | Villager (Male) |
| 11:17 | Queue | Villager (Male) |
| 11:23 | Build | Mining Camp |
| 11:28 | Build | Palisade Wall |
| 11:54 | Build | Palisade Wall |
| 12:01 | Queue | Archer |
| 12:02 | Queue | Archer |
| 12:22 | Build | Watch Tower |
| 12:30 | Queue | Skirmisher |
| 12:37 | Queue | Villager (Male) |
| 12:45 | Queue | Skirmisher |
| 12:45 | Queue | Villager (Male) |
| 12:46 | Queue | Villager (Male) |
| 12:50 | Build | Blacksmith |
| 12:52 | Build | Palisade Wall |
| 12:59 | Build | House |
| 13:00 | Build | Palisade Wall |
| 13:06 | Queue | Archer |
| 13:25 | Build | Farm |
| 13:39 | Queue | Villager (Male) |
| 13:39 | Queue | Villager (Male) |
| 13:39 | Queue | Villager (Male) |
| 13:43 | Build | Farm |
| 13:48 | Build | Palisade Wall |
| 13:50 | Queue | Villager (Male) |
| 13:50 | Queue | Villager (Male) |
| 13:59 | Build | Palisade Wall |
| 14:00 | Build | Palisade Wall |
| 14:00 | Build | Palisade Wall |
| 14:18 | Queue | Villager (Male) |
| 14:28 | Build | Palisade Wall |
| 14:33 | Build | Farm |
| 14:48 | Queue | Skirmisher |
| 14:48 | Queue | Skirmisher |
| 14:52 | Queue | Villager (Male) |
| 14:52 | Queue | Villager (Male) |
| 14:59 | Build | Watch Tower |
| 15:06 | Build | Palisade Wall |
| 15:30 | Build | House |
| 15:31 | Build | Palisade Wall |
| 15:32 | Build | Palisade Wall |
| 15:33 | Queue | Villager (Male) |
| 15:33 | Queue | Villager (Male) |
| 15:33 | Queue | Villager (Male) |
| 15:37 | Research | Fletching |
| 15:37 | Research | Fletching |
| 15:47 | Build | House |
| 15:50 | Queue | Villager (Male) |
| 15:51 | Queue | Villager (Male) |
| 16:10 | Queue | Villager (Male) |
| 16:13 | Build | House |
| 16:24 | Queue | Skirmisher |
| 16:36 | Build | Palisade Wall |
| 16:37 | Build | Palisade Wall |
| 16:37 | Build | Palisade Wall |
| 16:38 | Build | Palisade Wall |
| 16:44 | Queue | Villager (Male) |
| 16:45 | Queue | Villager (Male) |
| 16:50 | Build | Farm |
| 16:55 | Build | Farm |
| 17:13 | Build | Mill |
| 17:16 | Queue | Archer |
| 17:25 | Queue | Villager (Male) |
| 17:33 | Queue | Villager (Male) |
| 17:43 | Build | Watch Tower |
| 17:49 | Queue | Archer |
| 17:50 | Queue | Villager (Male) |
| 17:50 | Queue | Villager (Male) |
| 17:53 | Build | Farm |
| 18:27 | Queue | Villager (Male) |
| 18:27 | Queue | Villager (Male) |
| 18:27 | Queue | Villager (Male) |
| 18:42 | Build | Watch Tower |
| 18:53 | Queue | Villager (Male) |
| 18:53 | Queue | Villager (Male) |
| 18:57 | Build | Farm |
| 18:57 | Build | Farm |
| 18:57 | Build | Farm |
| 19:10 | Build | House |
| 19:14 | Build | Palisade Gate |
| 19:22 | Build | House |
Build order — Psi doc
First 150 of 297 actions detected
| 0:01 | Queue | Villager (Male) ×4 |
| 0:02 | Queue | Villager (Male) ×4 |
| 0:04 | Build | House |
| 0:05 | Build | House |
| 1:34 | Queue | Villager (Male) |
| 1:52 | Build | Lumber Camp |
| 2:03 | Queue | Villager (Male) |
| 2:24 | Queue | Villager (Male) |
| 2:51 | Queue | Villager (Male) |
| 3:02 | Queue | Villager (Male) |
| 3:02 | Queue | Villager (Male) |
| 3:52 | Queue | Villager (Male) |
| 3:52 | Queue | Villager (Male) |
| 3:56 | Research | Double-Bit Axe |
| 4:08 | Build | House |
| 4:21 | Queue | Villager (Male) |
| 4:22 | Queue | Villager (Male) |
| 4:22 | Queue | Villager (Male) |
| 5:09 | Build | Mill |
| 5:09 | Queue | Villager (Male) |
| 5:10 | Queue | Villager (Male) |
| 5:34 | Research | Loom |
| 5:46 | Queue | Villager (Male) |
| 6:28 | Queue | Villager (Male) |
| 6:29 | Queue | Villager (Male) |
| 7:19 | Build | Palisade Wall |
| 7:29 | Queue | Villager (Male) |
| 8:03 | Research | Feudal Age |
| 8:28 | Build | House |
| 8:36 | Build | Barracks |
| 8:51 | Build | Mill |
| 9:15 | Queue | Villager (Male) |
| 9:39 | Queue | Villager (Male) |
| 10:13 | Age | Feudal Age |
| 10:16 | Queue | Flemish Militia |
| 10:16 | Queue | Flemish Militia |
| 10:19 | Build | Mining Camp |
| 10:20 | Queue | Villager (Male) |
| 10:23 | Build | Archery Range |
| 11:05 | Queue | Villager (Male) |
| 11:06 | Build | House |
| 11:08 | Build | House |
| 11:27 | Queue | Villager (Male) |
| 11:37 | Queue | Archer |
| 11:39 | Queue | Villager (Male) |
| 11:43 | Research | Horse Collar |
| 12:16 | Queue | Villager (Male) |
| 12:19 | Queue | Villager (Male) |
| 12:23 | Build | Farm |
| 12:25 | Build | Farm |
| 12:32 | Queue | Villager (Male) |
| 12:37 | Queue | Villager (Male) |
| 12:39 | Queue | Archer |
| 12:41 | Queue | Villager (Male) |
| 12:44 | Build | Farm |
| 12:45 | Build | Farm |
| 12:58 | Queue | Villager (Male) |
| 13:12 | Build | Lumber Camp |
| 13:15 | Queue | Archer |
| 13:25 | Queue | Skirmisher |
| 13:28 | Queue | Villager (Male) |
| 13:40 | Queue | Archer |
| 13:41 | Queue | Villager (Male) |
| 13:45 | Build | House |
| 13:46 | Build | House |
| 13:54 | Research | Town Watch |
| 13:56 | Queue | Skirmisher |
| 14:12 | Build | House |
| 14:31 | Build | Farm |
| 14:33 | Build | Farm |
| 14:41 | Queue | Archer |
| 14:53 | Build | Farm |
| 15:02 | Build | House |
| 15:08 | Queue | Villager (Male) |
| 15:24 | Queue | Villager (Male) |
| 15:33 | Build | House |
| 15:46 | Build | Blacksmith |
| 15:49 | Queue | Archer |
| 16:00 | Queue | Villager (Male) |
| 16:01 | Queue | Villager (Male) |
| 16:06 | Build | Farm |
| 16:15 | Build | House |
| 16:19 | Queue | Archer |
| 16:33 | Queue | Villager (Male) |
| 16:36 | Build | Farm |
| 16:36 | Queue | Villager (Male) |
| 16:43 | Research | Fletching |
| 16:46 | Build | Farm |
| 16:48 | Queue | Villager (Male) |
| 17:01 | Build | Farm |
| 17:07 | Queue | Archer |
| 17:26 | Build | Farm |
| 17:34 | Queue | Villager (Male) |
| 17:39 | Queue | Villager (Male) |
| 17:45 | Build | Farm |
| 17:46 | Queue | Skirmisher |
| 18:11 | Build | Watch Tower |
| 18:14 | Research | Padded Archer Armor |
| 18:40 | Build | Farm |
| 18:42 | Build | Farm |
| 18:43 | Queue | Villager (Male) |
| 18:48 | Queue | Skirmisher |
| 18:49 | Queue | Archer ×2 |
| 19:44 | Queue | Villager (Male) |
| 19:45 | Queue | Villager (Male) |
| 20:10 | Queue | Villager (Male) |
| 20:11 | Queue | Villager (Male) |
| 20:15 | Queue | Villager (Male) |
| 20:35 | Queue | Villager (Male) |
| 20:43 | Queue | Skirmisher |
| 20:43 | Queue | Skirmisher |
| 20:53 | Build | Farm |
| 21:06 | Build | Farm |
| 21:08 | Build | Farm |
| 21:20 | Build | Farm |
| 21:26 | Queue | Skirmisher |
| 21:45 | Research | Castle Age |
| 21:48 | Build | Farm |
| 22:09 | Build | Stable |
| 22:16 | Research | Scale Barding Armor |
| 22:29 | Queue | Skirmisher |
| 22:37 | Research | Bow Saw |
| 23:03 | Queue | Skirmisher |
| 23:08 | Queue | Villager (Male) |
| 23:31 | Research | Forging |
| 23:41 | Queue | Villager (Male) |
| 24:00 | Build | Stable |
| 24:11 | Build | Market |
| 24:15 | Build | Market |
| 24:23 | Queue | Villager (Male) |
| 24:29 | Age | Castle Age |
| 24:36 | Queue | Knight |
| 24:40 | Research | Chain Barding Armor |
| 24:43 | Queue | Villager (Male) |
| 25:28 | Research | Husbandry |
| 25:29 | Build | Farm |
| 25:30 | Queue | Villager (Male) |
| 25:35 | Build | Town Center |
| 25:39 | Build | Farm |
| 25:40 | Queue | Villager (Male) |
| 25:41 | Queue | Villager (Male) |
| 25:44 | Queue | Knight |
| 25:59 | Queue | Villager (Male) |
| 26:27 | Queue | Villager (Male) |
| 26:27 | Build | Farm |
| 26:29 | Build | Farm |
| 26:31 | Queue | Villager (Male) |
| 26:36 | Build | Farm |
| 26:40 | Build | Farm |
| 26:43 | Queue | Knight |
Match timeline
| 5:56 | thankyou9527 · first_building Barracks |
| 7:04 | thankyou9527 · wall_segment Palisade Wall x7 |
| 7:19 | Psi doc · wall_segment Palisade Wall x1 |
| 8:36 | Psi doc · first_building Barracks |
| 9:54 | thankyou9527 · age_up feudal |
| 10:13 | Psi doc · age_up feudal |
| 10:23 | Psi doc · first_building Archery Range |
| 10:56 | thankyou9527 · wall_segment Palisade Wall x1 |
| 11:13 | thankyou9527 · first_building Archery Range |
| 11:28 | thankyou9527 · wall_segment Palisade Wall x1 |
| 11:54 | thankyou9527 · wall_segment Palisade Wall x21 |
| 12:52 | thankyou9527 · wall_segment Palisade Wall x1 |
| 13:00 | thankyou9527 · wall_segment Palisade Wall x1 |
| 13:48 | thankyou9527 · wall_segment Palisade Wall x9 |
| 13:59 | thankyou9527 · wall_segment Palisade Wall x1 |
| 14:00 | thankyou9527 · wall_segment Palisade Wall x1 |
| 14:00 | thankyou9527 · wall_segment Palisade Wall x1 |
| 14:28 | thankyou9527 · wall_segment Palisade Wall x8 |
| 15:06 | thankyou9527 · wall_segment Palisade Wall x10 |
| 15:31 | thankyou9527 · wall_segment Palisade Wall x1 |
| 15:32 | thankyou9527 · wall_segment Palisade Wall x1 |
| 16:36 | thankyou9527 · wall_segment Palisade Wall x1 |
| 16:37 | thankyou9527 · wall_segment Palisade Wall x1 |
| 16:37 | thankyou9527 · wall_segment Palisade Wall x1 |
| 16:38 | thankyou9527 · wall_segment Palisade Wall x2 |
| 22:09 | Psi doc · first_building Stable |
| 24:29 | Psi doc · age_up castle |
| 25:31 | Psi doc · first_market_buy 100 stone |
| 26:20 | thankyou9527 · age_up castle |
| 27:10 | thankyou9527 · first_building Krepost |
| 27:19 | thankyou9527 · first_building Stable |
| 27:29 | Psi doc · first_market_sell 100 food |
| 28:48 | thankyou9527 · wall_segment Palisade Wall x1 |
| 28:51 | Psi doc · first_building Siege Workshop |
| 30:25 | Psi doc · first_building Monastery |
| 33:12 | Psi doc · first_building Castle |
| 34:11 | thankyou9527 · first_building Siege Workshop |
| 37:15 | thankyou9527 · first_market_buy 100 stone |
| 40:24 | thankyou9527 · wall_segment Stone Wall x1 |
| 40:25 | thankyou9527 · wall_segment Stone Wall x1 |
| 44:30 | Psi doc · wall_segment Palisade Wall x1 |
| 45:38 | Psi doc · age_up imperial |
| 49:41 | Psi doc · resign |
[ AI ANALYSIS · 1 CREDIT ]
What really happened in this match?
Wolo.gg analyzes every decision: build order, eco, micro, common mistakes by bracket. Personalized analysis on WhatsApp or Discord in 30 seconds.
Civ guide
Bulgarians
Perfil
Jugador #5757611